 Dungeon Crawl Stone Soup version 0.29.1-12-g30fa7ad0bf (webtiles) character file.

Game seed: 9173115860700840053

23545 stormannn the Cleaver (level 13, -16/86 HPs)
             Began as a Gargoyle Fighter on Dec 31, 2022.
             Was a High Priest of Okawaru.
             Demolished by a komodo dragon (21 damage)
             ... on level 2 of the Lair of Beasts.
             The game lasted 00:31:25 (14385 turns).

stormannn the Cleaver (Gargoyle Fighter)           Turns: 14385, Time: 00:31:25

Health: -16/86     AC: 27    Str: 25    XL:     13   Next: 7%
Magic:  18/18      EV:  9    Int:  9    God:    Okawaru [*****.]
Gold:   869        SH:  5    Dex:  9    Spells: 12/12 levels left

rFire   x . .      SeeInvis +   a - +4 scimitar (flame)
rCold   + + .      Faith    .   c - +0 buckler
rNeg    + . .      Spirit   .   q - +1 ice dragon scales
rPois   ∞          Reflect  .   (no helmet)
rElec   +          Harm     .   L - +2 cloak
rCorr   .          Rampage  .   (no gloves)
Will    .....                   p - +0 pair of boots
Stlth   ..........              (no amulet)
HPRegen 0.24/turn               l - ring of flight
MPRegen 0.16/turn               N - ring of see invisible

@: finesse-ful, flying, hasted, very quick
A: sickness immunity, AC +9, negative energy resistance 1, electricity
resistance, torment resistance 1, petrification resistance
a: Renounce Religion, Heroism, Finesse, Duel


You were on level 2 of the Lair of Beasts.
You worshipped Okawaru.
Okawaru was extremely pleased with you.
You visited 2 branches of the dungeon, and saw 13 of its levels.
You also visited: Sewer and Bailey.

You collected 869 gold pieces.

Inventory:

Hand Weapons
 a - a +4 scimitar of flaming (weapon)
 y - the +9 rapier of Wiria {venom, Fly rC+ Will-}
   (You found it on level 5 of the Dungeon)

   It poisons the flesh of those it strikes.
   rC:        It protects you from cold.
   Fly:       It grants you flight.
   Will:      It decreases your willpower.
 C - a +6 vorpal broad axe
Missiles
 b - 4 throwing nets
 r - 62 poisoned darts (quivered)
 I - 4 silver javelins
Armour
 c - a +0 buckler (worn)
 p - a +0 pair of boots (worn)
 q - +1 ice dragon scales (worn)
 F - the +3 hat of Pondering {ponderous, Will+ MP+10 Int+5}
   (You took it off Gastronok on level 8 of the Dungeon)

   Int:       It affects your intelligence (+5).
   MP:        It affects your magic capacity (+10).
   Will:      It increases your willpower.
 L - a +2 cloak (worn)
Jewellery
 j - a ring of ice
 l - a ring of flight (left hand)
 v - an amulet of faith
 J - an amulet of magic regeneration
 N - a ring of see invisible (right hand)
Wands
 g - a wand of flame (42)
 m - a wand of light (2)
 x - a wand of iceblast (10)
 z - a wand of mindburst (16)
Scrolls
 f - 8 scrolls of teleportation
 h - 2 scrolls of magic mapping
 u - 3 scrolls of amnesia
 H - a scroll of fog
Potions
 d - 2 potions of might
 i - 2 potions of haste
 k - 7 potions of lignification
 s - a potion of magic
 t - 5 potions of flight
 w - a potion of brilliance
 E - 3 potions of attraction
 K - a potion of cancellation
Miscellaneous
 A - a lightning rod (4/4)
 B - a piece from Xom's chessboard (15/15)


   Skills:
 + Level 12.2 Fighting
 * Level 14.1 Axes
 + Level 7.3 Armour
 + Level 7.3 Shields
 + Level 7.6 Invocations


You had 12 spell levels left.
You didn't know any spells.
Your spell library contained the following spells:

 Spells                   Type           Power      Damage    Failure   Level
 Apportation              Tloc           0%         N/A       78%         1
 Magic Dart               Conj           0%         1d3       78%         1
 Necrotise                Necr           0%         1d4       78%         1
 Slow                     Hex            0%         N/A       78%         1
 Searing Ray              Conj           0%         2d4       89%         2
 Confusing Touch          Hex            0%         N/A       98%         3
 Portal Projectile        Hex/Tloc       0%         N/A       98%         3
 Vampiric Draining        Necr           0%         2d6       98%         3
 Fulminant Prism          Conj/Hex       0%         3d6       100%        4
 Leda's Liquefaction      Hex/Erth       0%         N/A       100%        4
 Iskenderun's Battlesphe  Conj           0%         2d6       100%        5
 Iron Shot                Conj/Erth      0%         9d1       100%        6
 Chain Lightning          Conj/Air       0%         N/A       100%        9
 Fire Storm               Conj/Fire      0%         5d1       100%        9
 Shatter                  Erth           0%         3d5*      100%        9
 Summon Small Mammal      Summ           Unusable   N/A       N/A         1
 Call Canine Familiar     Summ           Unusable   N/A       N/A         3
 Spellforged Servitor     Conj/Summ      Unusable   N/A       N/A         7

Dungeon Overview and Level Annotations

Branches:
Dungeon (11/15)            Temple (0/1) D:6            Lair (2/5) D:9
  Swamp (0/4) Lair:2          Orc (0/2) D:11          Sewer (visited)
 Bailey (visited)
  Snake: Lair:2-3    Spider: Lair:2-3

Altars:
Ashenzari
Cheibriados
Dithmenos
Kikubaaqudgha
Okawaru
Ru
Sif Muna
Trog
Uskayaw
Yredelemnul

Shops:
D:4 =

Portals:
Abyss: D:6

Annotations:
D:6 2 transporters, Jingleheimer's ghost, novice DsGl
Lair:1 exclusion: oklob plant


Innate Abilities, Weirdness & Mutations

You are immune to sickness and miasma.
Your stone body is resilient. (AC +9)
You are immune to poison.
You resist negative energy. (rN+)
You are resistant to electric shocks. (rElec)
You are resistant to unholy torment.
You are immune to petrification.


Message History

The komodo dragon looks as sick as possible!
You kill the komodo dragon!
Okawaru accepts your kill.
Unknown command.
Unknown command.
You feel better.
You feel like a meek peon again. The one-headed hydra misses you.
The komodo dragon is engulfed in poison gas.
The komodo dragon looks as sick as possible!
You kill the komodo dragon!
Okawaru accepts your kill.
The komodo dragon is engulfed in poison gas.
The komodo dragon looks as sick as possible!
The komodo dragon completely misses you.
The komodo dragon is engulfed in poison gas.
The komodo dragon looks as sick as possible!
The komodo dragon bites you but does no damage.
The komodo dragon is engulfed in poison gas.
The komodo dragon looks as sick as possible!
The komodo dragon is engulfed in poison gas.
The komodo dragon looks as sick as possible!
The komodo dragon bites you.
* * * LOW HITPOINT WARNING * * *
Unknown command.
You feel better. The one-headed hydra barely misses you.
The komodo dragon is engulfed in poison gas.
The komodo dragon looks as sick as possible!
The komodo dragon completely misses you.
The komodo dragon is engulfed in poison gas.
The komodo dragon looks as sick as possible!
You kill the komodo dragon!
Okawaru accepts your kill.
The komodo dragon is engulfed in poison gas.
The komodo dragon looks as sick as possible!
The komodo dragon bites you!!
* * * LOW HITPOINT WARNING * * *
The komodo dragon looks as sick as possible!
The komodo dragon bites you!!
You die...

#########.#...#
##.##.#*.#○§○§°#
†#....###..§°○☼# ###
#...........☼§§###.###
.........☼...§☼○#§#☼○####
..........§°.#§§○#§°☼##§##
...........#§#○○○#§☼§○§§P#
.........§§#§§§○ll§☼°.§○#*
.........§☼○§○☼☼@☼§§...<#
.........§§§§§§§lD☼○...§#
.........☼○☼○°☼°§○○☼#○.§#
.........°§#§§°§☼°####.##
....##..^P##§§§☼.§#* ###
...#*#.####☼#☼○☼§§§#
...*#..,*#§§○○§○○§○#
..##.*,,*#○§§.§○☼§°#*
..#.##,**#.........P*


You could see an one-headed hydra and 3 komodo dragons.

Vanquished Creatures
  Gastronok (D:8)
  Fannar (D:11)
  2 hydras (Lair:1)
  3 two-headed ogres
  Erica (D:8)
  A death yak (Lair:2)
  An orc knight (Bailey)
  A swamp dragon (Lair:1)
  Maurice (D:9)
  2 black mambas
  5 cane toads
  A torpor snail (Lair:2)
  3 kobold demonologists (D:11)
  The ghost of ctx the Magician, a novice MeEE (D:5)
  A rime drake (Lair:1)
  5 komodo dragons
  2 hornets
  2 shadows
  28 yaks
  A vampire (D:10)
  3 wyverns
  A steam dragon (D:6)
  A wraith (D:11)
  8 vampire mosquitoes
  Menkaure (D:5)
  3 water moccasins
  A swamp drake (Lair:1)
  5 orc warriors
  3 black bears
  3 wolves (Lair:1)
  A centaur (D:9)
  2 phantoms
  14 kobold brigands
  4 gnoll sergeants
  11 bullfrogs
  2 scorpions (D:4)
  5 wights (D:6)
  6 killer bees (D:9)
  A howler monkey (D:11)
  A vampire bat (D:3)
  2 electric eels
  2 hounds
  A gnoll bouda (D:5)
  5 orc priests
  2 iguanas
  Terence (D:3)
  9 orc wizards
  29 gnolls
  5 adders
  2 river rats (Sewer)
  2 shadow imps
  An ufetubus (D:5)
  A worm (D:3)
  A dart slug (D:2)
  25 orcs
  11 endoplasms
  8 giant cockroaches
  12 goblins
  9 hobgoblins
  2 jackals (Sewer)
  5 quokkas
  6 ball pythons
  11 bats
  2 frilled lizards
  38 kobolds
  7 rats
338 creatures vanquished.

Vanquished Creatures (others)
  A gnoll (D:6)
  4 fungi
  14 plants
19 creatures vanquished.

Grand Total: 357 creatures vanquished

Notes
Turn   | Place    | Note
-------+----------+-------------------------------------------
     0 | D:1      | stormannn the Gargoyle Fighter began the quest for the Orb.
     0 | D:1      | Reached XP level 1. HP: 14/14 MP: 1/1
    31 | D:1      | Reached skill level 2 in Axes
   141 | D:1      | Reached XP level 2. HP: 19/19 MP: 2/2
   470 | D:1      | Reached XP level 3. HP: 15/24 MP: 3/3
  1163 | D:2      | Reached skill level 3 in Axes
  1290 | D:2      | Found a hide-covered altar of Uskayaw.
  1825 | D:2      | Reached XP level 4. HP: 29/29 MP: 4/4
  2085 | D:3      | Found an iron altar of Okawaru.
  2088 | D:3      | Found an ancient bone altar of Kikubaaqudgha.
  2088 | D:3      | Found a shadowy altar of Dithmenos.
  2090 | D:3      | Found a basalt altar of Yredelemnul.
  2090 | D:3      | Found a bloodstained altar of Trog.
  2123 | D:3      | Became a worshipper of Warmaster Okawaru
  2180 | D:3      | Found a faded altar of an unknown god.
  2412 | D:3      | Noticed Terence
  2421 | D:3      | Killed Terence
  2422 | D:3      | Reached XP level 5. HP: 31/34 MP: 5/5
  2693 | D:3      | Reached skill level 4 in Axes
  3225 | D:4      | Reached XP level 6. HP: 35/40 MP: 6/6
  3330 | D:4      | Found Bofos's Jewellery Boutique.
  3417 | D:4      | Reached skill level 5 in Fighting
  3614 | D:4      | Reached * piety under Okawaru
  3615 | D:4      | Reached skill level 5 in Axes
  3767 | D:4      | Found a glowing drain.
  3780 | Sewer    | Entered a sewer
  3933 | Sewer    | Reached XP level 7. HP: 44/44 MP: 7/7
  3941 | Sewer    | Reached skill level 6 in Axes
  3979 | Sewer    | Found a white marble altar of Elyvilon.
  4336 | D:4      | Found a broken altar of Ashenzari.
  4653 | D:5      | Entered Level 5 of the Dungeon
  4666 | D:5      | Found a sacrificial altar of Ru.
  4770 | D:5      | Found a snail-covered altar of Cheibriados.
  4783 | D:5      | Found a shimmering blue altar of Sif Muna.
  4895 | D:5      | Noticed Menkaure
  4917 | D:5      | Killed Menkaure
  4917 | D:5      | Reached ** piety under Okawaru
  4918 | D:5      | Reached XP level 8. HP: 38/52 MP: 8/8
  5117 | D:5      | Identified the +9 rapier of Wiria {venom, Fly rC+ Will-}
  5403 | D:5      | Found a runed translucent gate.
  5404 | D:5      | Found a runed translucent gate.
  5404 | D:5      | Noticed ctx's ghost (novice MeEE)
  5407 | D:5      | Found a runed translucent gate.
  5480 | D:5      | Reached skill level 7 in Axes
  5481 | D:5      | Killed ctx's ghost
  5771 | D:6      | Reached skill level 8 in Axes
  5978 | D:6      | Reached *** piety under Okawaru
  6138 | D:6      | Reached XP level 9. HP: 53/58 MP: 6/9
  6473 | D:6      | Noticed a red ugly thing
  6489 | D:6      | Found a transporter.
  6507 | D:6      | Found a transporter.
  6521 | D:6      | Reached skill level 9 in Axes
  6638 | D:6      | Noticed Jingleheimer's ghost (novice DsGl)
  6649 | D:6      | Found a one-way gate to the infinite horrors of the Abyss.
  6933 | D:6      | Found a staircase to the Ecumenical Temple.
  7180 | D:8      | Reached skill level 1 in Invocations
  7444 | D:8      | Noticed Gastronok
  7464 | D:8      | Killed Gastronok
  7464 | D:8      | Reached **** piety under Okawaru
  7465 | D:8      | Reached skill level 10 in Axes
  7465 | D:8      | Reached XP level 10. HP: 36/66 MP: 9/12
  7594 | D:8      | Noticed Erica
  7620 | D:8      | Killed Erica
  7957 | D:8      | Reached skill level 11 in Axes
  8104 | D:8      | Received a gift from Okawaru
  8421 | D:9      | Found a staircase to the Lair.
  8584 | D:9      | Found a flagged portal.
  8590 | Bailey   | Entered a bailey
  8731 | Bailey   | Noticed an orc knight
  8738 | Bailey   | Reached skill level 10 in Fighting
  8743 | Bailey   | Reached ***** piety under Okawaru
  8760 | Bailey   | Killed an orc knight
  8973 | Bailey   | Found a bloodstained altar of Trog.
  9060 | D:9      | Reached skill level 12 in Axes
  9101 | D:9      | Noticed Maurice
  9116 | D:9      | Killed Maurice
  9117 | D:9      | Reached XP level 11. HP: 45/73 MP: 14/14
  9949 | D:10     | Entered Level 10 of the Dungeon
 10291 | D:10     | Received a gift from Okawaru
 10355 | D:10     | Reached skill level 5 in Invocations
 10408 | D:10     | Noticed a two-headed ogre
 10577 | D:10     | Killed a two-headed ogre
 11039 | D:11     | Noticed a two-headed ogre
 11047 | D:11     | Killed a two-headed ogre
 11234 | D:11     | Noticed Fannar
 11250 | D:11     | Killed Fannar
 11251 | D:11     | Reached skill level 5 in Armour
 11251 | D:11     | Reached skill level 5 in Shields
 11405 | D:11     | Noticed a two-headed ogre
 11411 | D:11     | Killed a two-headed ogre
 11425 | D:11     | Found a staircase to the Orcish Mines.
 11505 | D:11     | Reached skill level 13 in Axes
 11621 | D:11     | Reached ****** piety under Okawaru
 11622 | D:11     | Reached XP level 12. HP: 74/80 MP: 16/16
 12166 | Lair:1   | Entered Level 1 of the Lair of Beasts
 12518 | Lair:1   | Received a gift from Okawaru
 12520 | Lair:1   | Noticed an eight-headed hydra
 12543 | Lair:1   | Killed a one-headed hydra
 12543 | Lair:1   | Identified the +2 robe "Imethev" {rF+} (Okawaru gifted it
                  | to you on level 1 of the Lair of Beasts)
 12543 | Lair:1   | Received a gift from Okawaru
 12996 | Lair:1   | Noticed a four-headed hydra
 13015 | Lair:1   | Killed a one-headed hydra
 13714 | Lair:2   | Noticed a death yak
 13728 | Lair:2   | Killed a death yak
 13954 | Lair:2   | Reached skill level 14 in Axes
 13962 | Lair:2   | Noticed a four-headed hydra
 13987 | Lair:1   | Reached XP level 13. HP: 22/86 MP: 18/18
 14382 | Lair:2   | HP: 4/86 [komodo dragon (20)]
 14385 | Lair:2   | Demolished by a komodo dragon

Illustrated notes

Levels and vault maps discovered:
D:1:      amcnicky_arrival_choice, layout_loops_ring
D:2:      layout_loops_ring, basic_altar
D:3:      layout_loops_ring, grunt_temple_overflow_open,
          hellmonk_ecumenical_altar_lost_god, minmay_misc_feat_iff,
          roderic_batcave, uniq_terence
D:4:      layout_loops_corners, lemuel_tele_altar, portal_sewer_entry_d,
          serial_shops, shop, minmay_cut_off
D:5:      layout_basic, mainiacjoe_overflow_surrounded_room,
          chequers_temple_overflow_statue_of_worship,
          gammafunk_ghost_nasty_kobolds, serial_park_tiny_pond, uniq_menkaure
D:6:      layout_loops_cross, minmay_temple_entry_offerings,
          gammafunk_ghost_abyssal_escape
D:7:      nicolae_cairo_tiling_large, layout_basic, uniq_joseph
D:8:      layout_loops_ring, lightli_minifort, uniq_gastronok, uniq_erica
D:9:      layout_gridville, lair_entry_dummy, enter_bailey_3,
          wad_floor_pattern_1, minmay_misc_feat_diagonals, uniq_maurice
D:10:     layout_cave_pools
D:11:     hellmonk_crumbling_castle, layout_irregular_city, uniq_fannar
Lair:1:   layout_roguey, minmay_lair_oklob_items, st_stairs_3, pond,
          serial_bayou_shore_a, lemuel_fruit_fields, grunt_megastairs_5
Lair:2:   layout_misc_corridors, minmay_swamp_entry_worms, beast_lair_carwin_10

Skill      XL: |  1  2  3  4  5  6  7  8  9 10 11 12 |
---------------+-------------------------------------+-----
Axes           | 2 3 4 5 6 8 10 12 13 14 | 14.1
Fighting       | 4 5 6 7 9 10 11 12 | 12.2
Invocations    | 3 4 5 7 |  7.6
Armour         | 5 7 |  7.3
Shields        | 5 7 |  7.3

Action                   |  1- 3 |  4- 6 |  7- 9 | 10-12 | 13-15 || total
-------------------------+-------+-------+-------+-------+-------++-------
Melee: War axe           |   108 |   197 |   228 |   200 |       ||   733
       Broad axe         |       |       |       |   248 |     2 ||   250
       Scimitar          |       |       |       |    18 |     7 ||    25
Invok: Heroism           |       |       |     5 |    10 |     1 ||    16
       Finesse           |       |       |       |       |     1 ||     1
Evoke: Wand              |       |       |       |     6 |       ||     6
  Use: Scroll            |     5 |     4 |     2 |    13 |     2 ||    26
       Potion            |       |     2 |     3 |     8 |     6 ||    19
Armor: Scale mail        |    61 |       |       |       |       ||    61
       Ice dragon scales |       |   107 |   169 |   278 |    14 ||   568
Dodge: Dodged            |    44 |   100 |    93 |   190 |     9 ||   436
Block: Buckler           |    13 |    49 |    41 |   114 |     7 ||   224
